 Dungeon Crawl Stone Soup version 0.26.1-2-gb8aa6d0cf2 (webtiles) character file.

Game seed: 2502280549978507846

7608 Alarak the Destroyer (level 11, -20/81 HPs)
             Began as a Gnoll Conjurer on Mar 21, 2021.
             Was a Believer of Vehumet.
             Killed from afar by funkygono's ghost (24 damage)
             ... with a fireball
             ... on level 8 of the Dungeon on Mar 22, 2021.
             The game lasted 01:18:48 (12039 turns).

Alarak the Destroyer (Gnoll Conjurer)              Turns: 12039, Time: 01:18:49

Health: -20/81     AC: 14    Str: 11    XL:     11   Next: 17%
Magic:  18/22      EV: 17    Int: 22    God:    Vehumet [**....]
Gold:   288        SH:  0    Dex: 17    Spells: 7/25 levels left

rFire    . . .     SeeInvis +   B - staff of conjuration
rCold    + + .     Faith    .   (no shield)
rNeg     . . .     Spirit   .   u - +1 robe of the Valley {*Corrode rC++ Will+ Dex+3}
rPois    .         Reflect  .   f - +0 helmet
rElec    .         Harm     .   (no cloak)
rCorr    .         Rampage  .   q - +1 pair of gloves
Will     +....                  I - +2 pair of boots {Stlth+}
Stlth    +++++.....             n - amulet of regeneration
HPRegen  0.63/turn              y - +4 ring of protection
MPRegen  0.18/turn              O - ring of see invisible

@: about to teleport
A: distributed training, fangs 1, strong nose
a: Renounce Religion


You were on level 8 of the Dungeon.
You worshipped Vehumet.
Vehumet was pleased with you.
You visited 1 branch of the dungeon, and saw 8 of its levels.
You also visited: Bailey.

You collected 288 gold pieces.

Inventory:

Hand Weapons
 b - a +0 shortbow
 h - a +0 scythe of flaming
 v - a +3 vorpal falchion
 K - a +2 quarterstaff of speed
 L - the cursed +3 war axe of Death {flame, Will+ Dex+4}
   (You took it off a kobold in a bailey)

   It has been specially enchanted to burn those struck by it, causing extra
   injury to most foes and up to half again as much damage against particularly
   susceptible opponents.
   Big, fiery blades are also staple armaments of hydra-hunters.
   It affects your dexterity (+4).
   It affects your willpower, your defense against some magical effects.
   It has a curse placed upon it.
 N - a +2 hand axe of freezing
Missiles
 l - 75 arrows
Armour
 a - a +0 robe
 f - a +0 helmet (worn)
 k - a +0 ring mail
 p - a +0 leather armour
 q - a +1 pair of gloves (worn)
 r - a +0 chain mail
 u - the +1 robe of the Valley (worn) {*Corrode rC++ Will+ Dex+3}
   (You found it on level 4 of the Dungeon)

   It affects your dexterity (+3).
   It greatly protects you from cold.
   It affects your willpower, your defense against some magical effects.
   It may corrode you when you take damage.
 I - a +2 pair of boots of stealth (worn)
Magical Staves
 B - an uncursed staff of conjuration (weapon)
Jewellery
 n - an amulet of regeneration (around neck)
 y - a +4 ring of protection (left hand)
 M - an uncursed amulet of the acrobat
 O - a ring of see invisible (right hand)
Wands
 j - a wand of random effects (15)
 C - a wand of polymorph (25)
 E - a wand of flame (15)
 R - a wand of iceblast (6)
Scrolls
 c - 6 scrolls of remove curse
 e - a scroll of teleportation
 g - 4 scrolls of amnesia
 w - a scroll of enchant armour
 G - a scroll of identify
 H - a scroll of acquirement {unknown}
Potions
 d - 2 potions of might
 i - 2 potions of lignification
 m - a potion of berserk rage
 o - 2 potions of flight
 s - a potion of haste
 t - a potion of attraction
 x - 2 potions of brilliance {unknown}
 z - 3 potions of heal wounds {unknown}
 A - a potion of curing {unknown}
 D - 2 potions of invisibility {unknown}
 P - a potion of mutation {unknown}
 Q - a potion of cancellation {unknown}
Miscellaneous
 J - a tin of tremorstones (2/2)


   Skills:
 + Level 6.0 Fighting
 + Level 6.0 Short Blades
 + Level 6.0 Long Blades
 + Level 6.0 Axes
 + Level 6.0 Maces & Flails
 + Level 6.0 Polearms
 + Level 6.0 Staves
 + Level 6.0 Slings
 + Level 6.0 Bows
 + Level 6.0 Crossbows
 + Level 6.0 Throwing
 + Level 6.0 Armour
 + Level 7.6 Dodging
 + Level 7.4 Stealth
 + Level 6.0 Shields
 + Level 6.0 Unarmed Combat
 + Level 7.9 Spellcasting
 + Level 8.8 Conjurations
 + Level 5.0 Hexes
 + Level 5.0 Summonings
 + Level 5.0 Necromancy
 + Level 5.0 Translocations
 + Level 5.0 Transmutations
 + Level 5.0 Fire Magic
 + Level 5.0 Ice Magic
 + Level 5.0 Air Magic
 + Level 5.0 Earth Magic
 + Level 5.0 Poison Magic
 + Level 6.6 Invocations
 + Level 6.0 Evocations


You had 7 spell levels left.
You knew the following spells:

 Your Spells              Type           Power        Failure   Level
a - Magic Dart            Conj           100%         1%          1
b - Searing Ray           Conj           100%         1%          2
c - Fulminant Prism       Conj/Hex       28%          4%          4
d - Iskenderun's Mystic   Conj/Tloc      56%          4%          4
e - Blink                 Tloc           N/A          1%          2
f - Call Imp              Summ           30%          1%          2
g - Mephitic Cloud        Conj/Pois/Air  53%          1%          3

Your spell library contained the following spells:

 Spells                   Type           Power        Failure   Level
 Static Discharge         Conj/Air       56%          1%          3
 Slow                     Hex            30%          1%          2
 Conjure Flame            Conj/Fire      56%          1%          3
 Dazzling Flash           Conj/Hex       100%         1%          3


Dungeon Overview and Level Annotations

Branches:
Dungeon (8/15)             Temple (0/1) D:7          Bailey (visited)
   Lair: D:8-11

Altars:
Cheibriados
Dithmenos
Elyvilon
Fedhas
Kikubaaqudgha
Makhleb
Nemelex Xobeh
Okawaru
Qazlal
Ru
Trog
Vehumet
Xom
Zin
The Shining One

Annotations:
D:6 1 runed translucent door
D:8 funkygono's ghost, novice DEFE


Innate Abilities, Weirdness & Mutations

Your experience applies equally to all skills.
You have very sharp teeth.
Your uncanny sense of smell can sniff out nearby items.


Message History

You kill the gnoll sergeant!
Vehumet accepts your kill.
The blast of energy engulfs funkygono's ghost.
Funkygono's ghost is lightly damaged.
Funkygono's ghost hits you but does no damage.
There is an open translucent door here.
Things that are here:
a +0 vorpal spear; a +0 robe Funkygono's ghost gestures at you while chanting.
The fireball explodes!
The fireball engulfs you!!
* * * LOW HITPOINT WARNING * * *
As you read the scroll of teleportation, it crumbles to dust.
You feel strangely unstable.
Funkygono's ghost points at you and mumbles some strange words.
The fireball explodes!
The fireball engulfs you!
* * * LOW HITPOINT WARNING * * *
Okay, then.
Funkygono's ghost gestures at you while chanting.
The fireball explodes!
The fireball engulfs you!!
You die...

#....#.....................# #
#.##.#.#########..........#### #
#............................# #
#..≈≈≈≈≈≈≈≈≈≈≈≈≈≈≈≈≈≈≈≈≈≈≈≈≈.# #
#..≈≈≈≈≈≈≈≈≈≈≈≈≈≈≈≈≈≈≈≈≈≈≈≈≈.# #
#..≈≈#####...........#####≈≈.###
#..≈≈#.#.#.###.©.###.#.#.#≈≈....
#..≈≈#...###©#####.###...#≈≈..##
#..≈≈###...)..)@..W....###≈≈.##
#..≈≈.8#.######'###)##.#8.≈≈.#
#..≈≈.##.#...#8.)#...#.##.≈≈.##
#..≈≈.#g.'..:#⌠©))...'..#.≈≈..##
#..≈≈.##.#..|#8.)#...#.##.≈≈....
#..≈≈.8#.######)###'##.#8.≈≈..##
##.≈≈###.......).......###≈≈..#
#.≈≈#...###.#####.###...#≈≈..#
#.≈≈#W#.#.###.§.###.#.#.#≈≈.##


You could see funkygono's ghost.

Vanquished Creatures
  Harold (D:8)
  The ghost of Cleetus the Cleaver, a novice FoFi of Gozag (D:6)
  4 orc knights (Bailey)
  Grinder (D:3)
  Prince Ribbit (D:8)
  Eustachio (D:4)
  2 humans (D:8)
  Sigmund (D:2)
  Menkaure (D:6)
  A water moccasin (D:8)
  2 ice beasts (D:7)
  7 orc warriors
  A sky beast (D:7)
  A phantom (D:6)
  3 centaurs (D:5)
  2 ogres (D:7)
  Blork the orc (D:4)
  3 bullfrogs
  A big kobold (D:8)
  3 gnoll sergeants (D:8)
  2 scorpions
  4 wights (D:8)
  4 howler monkeys
  An electric eel (D:6)
  7 hounds
  A gnoll shaman (D:8)
  A jelly (D:5)
  2 centaur skeletons
  An orc priest (D:8)
  A bullfrog skeleton (D:6)
  5 worker ants
  3 orc wizards (D:8)
  Natasha (thrice) (D:2)
  Robin (D:4)
  2 howler monkey skeletons (D:5)
  6 gnolls
  A river rat (D:6)
  12 adders
  A shadow imp (D:5)
  An ufetubus (D:5)
  An adder zombie (D:6)
  3 oozes
  4 worms
  A dart slug (D:4)
  7 leopard geckos
  15 orcs
  9 bats
  9 giant cockroaches
  23 goblins
  12 hobgoblins
  8 jackals
  3 quokkas
  A ball python (D:4)
  5 frilled lizards
  A jackal skeleton (D:6)
  23 kobolds
  12 rats
  A fulminant prism (Bailey)
235 creatures vanquished.

Vanquished Creatures (collateral kills)
  A gnoll (D:8)
1 creature vanquished.

Vanquished Creatures (others)
  2 gnolls (D:8)
  79 fulminant prisms
  14 plants
  6 withered plants (D:7)
101 creatures vanquished.

Grand Total: 337 creatures vanquished

Notes
Turn   | Place    | Note
-------+----------+-------------------------------------------
     0 | D:1      | Alarak the Gnoll Conjurer began the quest for the Orb.
     0 | D:1      | Reached XP level 1. HP: 13/13 MP: 6/6
   171 | D:1      | Reached XP level 2. HP: 19/19 MP: 4/7
   174 | D:1      | Learned a level 2 spell: Searing Ray
   996 | D:1      | Reached XP level 3. HP: 25/25 MP: 5/9
   998 | D:1      | Reached skill level 5 in Spellcasting
  1291 | D:1      | Reached skill level 1 in Invocations
  1785 | D:2      | Reached skill level 1 in Fighting
  1785 | D:2      | Reached skill level 1 in Short Blades
  1785 | D:2      | Reached skill level 1 in Long Blades
  1785 | D:2      | Reached skill level 1 in Axes
  1785 | D:2      | Reached skill level 1 in Maces & Flails
  1785 | D:2      | Reached skill level 1 in Polearms
  1785 | D:2      | Reached skill level 1 in Staves
  1785 | D:2      | Reached skill level 1 in Slings
  1785 | D:2      | Reached skill level 1 in Bows
  1785 | D:2      | Reached skill level 1 in Crossbows
  1785 | D:2      | Reached skill level 1 in Throwing
  1785 | D:2      | Reached skill level 1 in Armour
  1785 | D:2      | Reached skill level 1 in Shields
  1785 | D:2      | Reached skill level 1 in Unarmed Combat
  1785 | D:2      | Reached skill level 1 in Evocations
  1907 | D:2      | Noticed Sigmund
  1916 | D:2      | Killed Sigmund
  1917 | D:2      | Reached skill level 1 in Hexes
  1917 | D:2      | Reached skill level 1 in Summonings
  1917 | D:2      | Reached skill level 1 in Necromancy
  1917 | D:2      | Reached skill level 1 in Translocations
  1917 | D:2      | Reached skill level 1 in Transmutations
  1917 | D:2      | Reached skill level 1 in Fire Magic
  1917 | D:2      | Reached skill level 1 in Ice Magic
  1917 | D:2      | Reached skill level 1 in Air Magic
  1917 | D:2      | Reached skill level 1 in Earth Magic
  1917 | D:2      | Reached skill level 1 in Poison Magic
  1917 | D:2      | Reached XP level 4. HP: 32/32 MP: 6/11
  1917 | D:2      | Reached XP level 5. HP: 37/37 MP: 6/12
  2191 | D:2      | Noticed Natasha
  2207 | D:2      | Killed Natasha
  2208 | D:2      | Reached XP level 6. HP: 37/44 MP: 9/13
  2348 | D:2      | Noticed Natasha
  2354 | D:2      | Killed Natasha
  2449 | D:2      | Noticed Natasha
  2468 | D:2      | Killed Natasha
  2469 | D:2      | Reached skill level 5 in Dodging
  2733 | D:2      | Found a bloodstained altar of Trog.
  3067 | D:3      | Noticed an angel
  3068 | D:3      | Found a glowing silver altar of Zin.
  3069 | D:3      | Found a shimmering altar of Xom.
  3252 | D:3      | Noticed Grinder
  3260 | D:3      | Paralysed by Grinder for 3 turns
  3264 | D:3      | Killed Grinder
  3265 | D:3      | Reached XP level 7. HP: 37/51 MP: 7/15
  3942 | D:4      | Reached skill level 5 in Stealth
  4051 | D:4      | Noticed Eustachio
  4071 | D:4      | Killed Eustachio
  4072 | D:4      | Reached XP level 8. HP: 58/58 MP: 5/16
  4146 | D:4      | Noticed Robin
  4160 | D:4      | Killed Robin
  4362 | D:4      | Noticed Blork the orc
  4370 | D:4      | Killed Blork the orc
  4572 | D:4      | Found a radiant altar of Vehumet.
  4582 | D:4      | Became a worshipper of Vehumet
  4852 | D:4      | Got a smoking robe
  4876 | D:4      | Identified the cursed +1 robe of the Valley {*Corrode rC++
                  | Will+ Dex+3} (You found it on level 4 of the Dungeon)
  4890 | D:5      | Entered Level 5 of the Dungeon
  5972 | D:5      | Learned a level 4 spell: Fulminant Prism
  6259 | D:6      | Reached * piety under Vehumet
  6259 | D:6      | Offered knowledge of Shock by Vehumet.
  6274 | D:6      | Reached XP level 9. HP: 57/65 MP: 4/18
  6356 | D:6      | Found a runed translucent door.
  6454 | D:6      | Noticed Menkaure
  6457 | D:6      | Killed Menkaure
  6521 | D:6      | Found a white marble altar of Elyvilon.
  6524 | D:6      | Found a runed translucent door.
  6525 | D:6      | Noticed Cleetus's ghost (novice FoFi)
  6586 | D:6      | Killed Cleetus's ghost
  6587 | D:6      | Reached skill level 8 in Conjurations
  7158 | D:7      | Found a staircase to the Ecumenical Temple.
  7174 | D:7      | Found a stormy altar of Qazlal.
  7181 | D:7      | Found a sparkling altar of Nemelex Xobeh.
  7182 | D:7      | Found a sacrificial altar of Ru.
  7182 | D:7      | Found an iron altar of Okawaru.
  7182 | D:7      | Found a burning altar of Makhleb.
  7182 | D:7      | Found a glowing golden altar of the Shining One.
  7183 | D:7      | Found a shadowy altar of Dithmenos.
  7188 | D:7      | Found a snail-covered altar of Cheibriados.
  7641 | D:7      | Reached skill level 5 in Invocations
  8218 | D:7      | Found a blossoming altar of Fedhas.
  8220 | D:7      | Found an ancient bone altar of Kikubaaqudgha.
  8580 | D:8      | Reached XP level 10. HP: 73/73 MP: 17/20
  8675 | D:8      | Found an iron altar of Okawaru.
  8815 | D:8      | Reached skill level 5 in Fighting
  8815 | D:8      | Reached skill level 5 in Short Blades
  8815 | D:8      | Reached skill level 5 in Long Blades
  8815 | D:8      | Reached skill level 5 in Axes
  8815 | D:8      | Reached skill level 5 in Maces & Flails
  8815 | D:8      | Reached skill level 5 in Polearms
  8815 | D:8      | Reached skill level 5 in Staves
  8815 | D:8      | Reached skill level 5 in Slings
  8815 | D:8      | Reached skill level 5 in Bows
  8815 | D:8      | Reached skill level 5 in Crossbows
  8815 | D:8      | Reached skill level 5 in Throwing
  8815 | D:8      | Reached skill level 5 in Armour
  8815 | D:8      | Reached skill level 5 in Shields
  8815 | D:8      | Reached skill level 5 in Unarmed Combat
  8815 | D:8      | Reached skill level 5 in Evocations
  8832 | D:8      | Found a flagged portal.
  8842 | Bailey   | Entered a bailey
  8848 | Bailey   | Noticed an orc knight
  8848 | Bailey   | Noticed an orc knight
  8872 | Bailey   | Offered knowledge of Freeze by Vehumet.
  8876 | Bailey   | Reached ** piety under Vehumet
  8877 | Bailey   | Noticed an orc knight
  9103 | Bailey   | Killed an orc knight
  9136 | Bailey   | Identified the cursed +3 war axe of Death {flame, Will+
                  | Dex+4}
  9249 | Bailey   | Noticed an orc knight
  9619 | Bailey   | Killed an orc knight
  9619 | Bailey   | Killed an orc knight
  9936 | Bailey   | Killed an orc knight
 10705 | D:8      | Noticed Prince Ribbit
 10711 | D:8      | Killed Prince Ribbit
 10730 | D:8      | Noticed Harold
 10984 | D:8      | Killed Harold
 10985 | D:8      | Reached XP level 11. HP: 74/81 MP: 4/22
 11473 | D:7      | Reached skill level 5 in Hexes
 11473 | D:7      | Reached skill level 5 in Summonings
 11473 | D:7      | Reached skill level 5 in Necromancy
 11473 | D:7      | Reached skill level 5 in Translocations
 11473 | D:7      | Reached skill level 5 in Transmutations
 11473 | D:7      | Reached skill level 5 in Fire Magic
 11473 | D:7      | Reached skill level 5 in Ice Magic
 11473 | D:7      | Reached skill level 5 in Air Magic
 11473 | D:7      | Reached skill level 5 in Earth Magic
 11473 | D:7      | Reached skill level 5 in Poison Magic
 11525 | D:7      | Learned a level 4 spell: Iskenderun's Mystic Blast
 11671 | D:8      | Learned a level 2 spell: Blink
 11674 | D:8      | Learned a level 2 spell: Call Imp
 11678 | D:8      | Learned a level 3 spell: Mephitic Cloud
 11679 | D:8      | Identified the +4 scale mail of Gataaluqomn {rF- rC+++
                  | Str+8 Dex-3}
 11699 | D:8      | Found a transporter.
 11741 | D:8      | Noticed funkygono's ghost (novice DEFE)
 11751 | D:8      | Identified the ring "Zixo" {rPois rC+ Str+2 Int+6 Stlth+}
 11758 | D:8      | Found a transporter.
 11847 | D:8      | Offered knowledge of Static Discharge by Vehumet.
 12037 | D:8      | HP: 3/81 [funkygono's ghost/fireball (16)]
 12039 | D:8      | Killed from afar by funkygono's ghost

Illustrated notes

Levels and vault maps discovered:
D:1:      amcnicky_arrival_gap_in_the_tavern_cellar, layout_loops_corners
D:2:      layout_rooms, lightli_temple_of_fire, kennysheep_generic_room_10,
          uniq_natasha, uniq_sigmund
D:3:      layout_rooms, grunt_temple_overflow_order_and_chaos_1, uniq_grinder
D:4:      layout_rooms, vehumet_crystals, kennysheep_nondescript,
          uniq_eustachio, uniq_robin, uniq_blork_the_orc
D:5:      layout_loops_ring
D:6:      layout_rooms, overflow_temple_1_default, ebering_ghost_sewer_f,
          serial_bayou_ford_a, uniq_menkaure
D:7:      layout_loops_corners, grunt_temple_overflow_growth_and_decay,
          minitemple, minmay_temple_entry_hall
D:8:      layout_loops_ring, enter_bailey_2, gammafunk_ghost_gnarly_gnolls,
          okawaru_humans, uniq_prince_ribbit1, uniq_harold

Skill      XL: |  1  2  3  4  5  6  7  8  9 10 11 |
---------------+----------------------------------+-----
Spellcasting   | 5 6 7 |  7.9
Invocations    | 1 2 3 4 5 6 |  6.6
Fighting       | 1 2 3 4 5 6 |  6.0
Short Blades   | 1 2 3 4 5 6 |  6.0
Long Blades    | 1 2 3 4 5 6 |  6.0
Axes           | 1 2 3 4 5 6 |  6.0
Maces & Flails | 1 2 3 4 5 6 |  6.0
Polearms       | 1 2 3 4 5 6 |  6.0
Staves         | 1 2 3 4 5 6 |  6.0
Slings         | 1 2 3 4 5 6 |  6.0
Bows           | 1 2 3 4 5 6 |  6.0
Crossbows      | 1 2 3 4 5 6 |  6.0
Throwing       | 1 2 3 4 5 6 |  6.0
Armour         | 1 2 3 4 5 6 |  6.0
Shields        | 1 2 3 4 5 6 |  6.0
Unarmed Combat | 1 2 3 4 5 6 |  6.0
Evocations     | 1 2 3 4 5 6 |  6.0
Hexes          | 1 2 3 4 5 |  5.0
Summonings     | 1 2 3 4 5 |  5.0
Necromancy     | 1 2 3 4 5 |  5.0
Translocations | 1 2 3 4 5 |  5.0
Transmutations | 1 2 3 4 5 |  5.0
Fire Magic     | 1 2 3 4 5 |  5.0
Ice Magic      | 1 2 3 4 5 |  5.0
Air Magic      | 1 2 3 4 5 |  5.0
Earth Magic    | 1 2 3 4 5 |  5.0
Poison Magic   | 1 2 3 4 5 |  5.0
Dodging        | 5 6 7 |  7.6
Stealth        | 5 6 7 |  7.4
Conjurations   | 8 |  8.8

Action                   |  1- 3 |  4- 6 |  7- 9 | 10-12 || total
-------------------------+-------+-------+-------+-------++-------
Melee: Scythe            |       |    11 |    18 |       ||    29
       Bite              |       |       |     6 |     2 ||     8
       Falchion          |       |       |    28 |       ||    28
       Staff             |       |       |     2 |    22 ||    24
       Punch             |       |       |       |     1 ||     1
 Fire: Shortbow          |       |       |    16 |       ||    16
 Cast: Magic Dart        |    60 |    77 |   100 |    47 ||   284
       Searing Ray       |     6 |     5 |    37 |    17 ||    65
       Fulminant Prism   |       |       |    15 |    66 ||    81
       Call Imp          |       |       |       |     3 ||     3
Evoke: Wand              |       |       |     1 |       ||     1
  Use: Scroll            |     2 |     2 |    10 |     3 ||    17
       Potion            |       |       |       |     2 ||     2
 Stab: Sleeping          |       |     1 |     1 |       ||     2
Armor: Robe              |       |     5 |    14 |    13 ||    32
       Ring mail         |       |       |    15 |       ||    15
Dodge: Dodged            |     2 |    11 |    72 |    59 ||   144
       Rpst.: Falchion   |       |       |    11 |       ||    11
